 Dungeon Crawl Stone Soup version 0.25-a0-632-g7713895373 (webtiles) character file.

Game seed: 3095731214202826258, levelgen mode: deterministic

157 kae the Insei (level 5, 0/38 HPs)
             Began as a Demonspawn Transmuter on Mar 19, 2020.
             Slain by Edmund
             ... wielding a +4 dire flail of venom
              (3 damage)
             ... on level 4 of the Dungeon.
             The game lasted 00:01:41 (1446 turns).

kae the Insei (Demonspawn Transmuter)               Turns: 1446, Time: 00:01:42

Health: 0/38       AC:  4    Str: 10    XL:     5   Next: 15%
Magic:  7/9        EV: 12    Int: 15    God:
Gold:   72         SH:  0    Dex: 16    Spells: 8/9 levels left

rFire    + . .     SeeInvis .     - Unarmed
rCold    + . .     Gourm    +   (no shield)
rNeg     . . .     Faith    .   b - +1 robe
rPois    +         Spirit   .   (helmet restricted)
rElec    +         Reflect  .   h - +0 cloak
rCorr    +         Harm     .   (no gloves)
MR       .....                  (no boots)
Stlth    +.........             m - amulet of the gourmand
HPRegen  0.12/turn              (no ring)
MPRegen  0.11/turn              (no ring)

@: brilliant, resistant, stab
A: horns 2, agile 1, sense surroundings 1, poison resistance
a: no special abilities


You were on level 4 of the Dungeon.
You were not hungry.

You visited 1 branch of the dungeon, and saw 3 of its levels.

You collected 72 gold pieces.

Inventory:

Missiles
 a - 12 arrows
Armour
 b - a +1 robe (worn)
 h - a +0 cloak (worn)
Jewellery
 m - an amulet of the gourmand (around neck)
Scrolls
 k - a scroll of teleportation
Potions
 c - a potion of resistance
 n - a potion of mutation
Comestibles
 d - a ration


   Skills:
 + Level 2.3 Fighting
 - Level 1.7 Dodging
 * Level 4.0 Unarmed Combat
 + Level 2.8 Spellcasting
 + Level 2.6 Transmutations


You had 8 spell levels left.
You knew the following spells:

 Your Spells              Type           Power        Failure   Level  Hunger
a - Beastly Appendage     Tmut           ###...       7%          1    None

Your spell library contained the following spells:

 Spells                   Type           Power        Failure   Level  Hunger
 Sticks to Snakes         Tmut           ###.....     11%         2    None
 Spider Form              Tmut/Pois      #.........   34%         3    None
 Ice Form                 Ice/Tmut       #.......     75%         4    None
 Blade Hands              Tmut           ###.......   88%         5    None


Dungeon Overview and Level Annotations

Branches:
Dungeon (2/15)             Temple (0/1) D:4

Altars:

Annotations:
D:2 Sigmund
D:4 Edmund


Innate Abilities, Weirdness & Mutations

You have a pair of horns on your head.
You are agile. (Dex +2)
You passively map a small area around you.
Your system is resistant to poisons. (rPois)


Message History

The ogre barely misses you.
You hit the ogre. You headbutt the ogre.
You kill the ogre!
Your Fighting skill increases to level 2!
Your Unarmed Combat skill increases to level 4!
You have reached level 5!
Okay, then.
It was a potion of stabbing.
You feel ready to backstab. Edmund completely misses you.
It was a potion of mutation.
You feel extremely strange.
You feel resistant to poisons.
You feel agile.
You feel a strange attunement to the structure of the dungeons.
A hound comes into view.
Edmund hits you with a +4 dire flail of venom.
* * * LOW HITPOINT WARNING * * *
It was a potion of brilliance.
You feel clever all of a sudden.
Edmund hits you with a +4 dire flail of venom.
You die...

* ##...## , #P.P..##
####.##..# ##P#...#P.# ,
#.O@.>....# * *
###†P#...#P......#
.######....##P##.#####.#
.......@####..P### ,
.#######@.......# *
#........# * #.h.?....#
,, #........# , * * ,
*#.........# * ,,
#..........# *
..........[.# ≈ *
,.#..######### ,


You could see Edmund and a hound (wandering).

Vanquished Creatures
  An ogre (D:4)
  Jessica (D:2)
  An adder (D:2)
  4 dart slugs
  6 bats
  2 goblins
  6 jackals
  3 frilled lizards
  5 kobolds
  3 rats (D:1)
32 creatures vanquished.

Notes
Turn   | Place    | Note
-------+----------+-------------------------------------------
     0 | D:1      | kae the Demonspawn Transmuter began the quest for the Orb.
     0 | D:1      | Reached XP level 1. HP: 15/15 MP: 3/3
   126 | D:1      | Gained mutation: You have a pair of small horns on your
                  | head. [demonic ancestry]
   126 | D:1      | Reached XP level 2. HP: 3/21 MP: 5/5
   471 | D:1      | Reached skill level 3 in Unarmed Combat
  1093 | D:2      | Noticed Jessica
  1098 | D:2      | Killed Jessica
  1098 | D:2      | Reached XP level 3. HP: 27/27 MP: 4/6
  1335 | D:2      | Noticed Sigmund
  1384 | D:2      | You fall into a shaft and drop 2 floors!
  1384 | D:4      | Found a staircase to the Ecumenical Temple.
  1384 | D:4      | Noticed an ogre
  1392 | D:4      | Gained mutation: You have a pair of horns on your head.
                  | [demonic ancestry]
  1392 | D:4      | Reached XP level 4. HP: 33/33 MP: 7/7
  1407 | D:4      | Noticed Edmund
  1443 | D:4      | Killed an ogre
  1443 | D:4      | Reached skill level 4 in Unarmed Combat
  1443 | D:4      | Reached XP level 5. HP: 9/38 MP: 7/9
  1445 | D:4      | Gained mutation: Your system is resistant to poisons.
                  | (rPois) [potion of mutation]
  1445 | D:4      | Gained mutation: You are agile. (Dex +2) [potion of
                  | mutation]
  1445 | D:4      | Gained mutation: You passively map a small area around you.
                  | [potion of mutation]
  1446 | D:4      | Slain by Edmund

Levels and vault maps discovered:
D:1:      grunt_arrival_lava_bath, layout_basic, minmay_statues_item
D:2:      layout_loops_ring, fountainhead, uniq_sigmund, uniq_jessica
D:4:      gammafunk_wand_slinger, layout_rooms,
          minmay_temple_entry_gardened_gates, gammafunk_ghost_abyssal_escape,
          serial_shops, shop, uniq_edmund

Skill      XL: |  1  2  3  4 |
---------------+-------------+-----
Unarmed Combat | 3 4 |  4.0
Transmutations | 2 |  2.6
Fighting       | 2 |  2.3
Dodging        | |  1.7
Spellcasting   | |  2.8

Action                   |  1- 3 |  4- 6 || total
-------------------------+-------+-------++-------
Melee: Unarmed           |    71 |    15 ||    86
       Punch             |     2 |       ||     2
       Kick              |     5 |       ||     5
       Headbutt          |     3 |     6 ||     9
 Cast: Beastly Appendage |    10 |       ||    10
  Use: Scroll            |     4 |       ||     4
       Potion            |       |     6 ||     6
  Eat: Chunk             |     2 |       ||     2
Armor: Robe              |    22 |     7 ||    29
Dodge: Dodged            |    54 |    22 ||    76

Table legend:
 A = Non-vault XP
 B = Vault XP
 C = Vault XP percentage of total XP
 D = Non-vault monster count
 E = Vault monster count
 F = Vault count percentage of total count
                 A         B        C        D         E       F
            +---------+---------+-------+---------+---------+-------
      Total |     188 |      37 |  16.4 |      31 |       1 |   3.1
            +---------+---------+-------+---------+---------+-------
        D:1 |      38 |       0 |   0.0 |      20 |       0 |   0.0
        D:2 |      20 |      37 |  64.9 |       5 |       1 |  16.7
        D:4 |     130 |       0 |   0.0 |       6 |       0 |   0.0
            +---------+---------+-------+---------+---------+-------
